 Dungeon Crawl Stone Soup version 0.31-a0-971-g75a2e9a4b4 (webtiles) character file.

Game seed: 7961174575726263287

53 pokeman the Magician (level 3, -1/20 HPs)
             Began as a Deep Elf Hedge Wizard on Oct 28, 2023.
             Slain by an orc
             ... wielding a +0 flail
              (5 damage)
             ... on level 2 of the Dungeon.
             The game lasted 00:02:28 (2060 turns).

pokeman the Magician (Deep Elf Hedge Wizard)        Turns: 2060, Time: 00:02:29

Health: -1/20      AC:  4    Str:  7    XL:     3   Next: 64%
Magic:  1/11       EV: 13    Int: 20    God:
Gold:   96         SH:  0    Dex: 20    Spells: 1/12 levels left

rFire   . . .        a - +0 dagger
rCold   . . .        (no shield)
rNeg    . . .        b - +0 robe
rPois   .            c - +0 hat
rElec   .            g - +0 cloak
rCorr   .            j - +0 pair of gloves
SInv    .            (no boots)
Will    .....        (no amulet)
Stlth   ++           e - +6 ring of dexterity
HPRegen 0.23/turn    (no ring)
MPRegen 0.12/turn

%: no passive effects
@: no status effects
A: no striking features
a: no special abilities


You were on level 2 of the Dungeon.
You visited 1 branch of the dungeon, and saw 2 of its levels.

You collected 96 gold pieces.

Inventory:

Hand Weapons
 a - a +0 dagger (weapon)
 l - a +0 hand axe
Armour
 b - a +0 robe (worn)
 c - a +0 hat (worn)
 g - a +0 cloak (worn)
 j - a +0 pair of gloves (worn)
Jewellery
 e - a +6 ring of dexterity (left hand)
Scrolls
 f - a scroll of enchant weapon {unknown}
 k - a scroll of teleportation {unknown}
Potions
 d - a potion of magic
 h - a potion of haste {unknown}
 i - a potion of degeneration {unknown}


   Skills:
 - Level 1.0 Fighting
 - Level 1.0 Armour
 + Level 2.4 Dodging
 + Level 2.4 Stealth
 * Level 5.3 Spellcasting
 + Level 2.0 Conjurations
 - Level 1.1 Summonings
 - Level 1.1 Translocations


You had one spell level left.
You knew the following spells:

 Your Spells              Type           Power      Damage    Failure   Level
a - Magic Dart            Conj           52%        1d5       4%          1
b - Mephitic Cloud        Conj/Pois/Air  8%         N/A       26%         3
c - Call Imp              Summ           18%        N/A       11%         2
d - Blink                 Tloc           18%        N/A       11%         2
e - Stone Arrow           Conj/Erth      18%        3d8       22%         3

Your spell library contained the following spells:

 Spells                   Type           Power      Damage    Failure   Level
 Sandblast                Erth           10%        2d5       11%         1
 Slow                     Hex            20%        N/A       11%         1
 Cigotuvi's Dreadful Rot  Necr/Pois/Air  10%        N/A       17%         2
 Passwall                 Tmut/Erth      4%         N/A       17%         2
 Dazzling Flash           Conj/Hex       18%        N/A       22%         3
 Brom's Barrelling Bould  Conj/Erth      9%         2d3       58%         4
 Agony                    Necr           5%         N/A       97%         5
 Silence                  Hex/Air        2%         N/A       97%         5


Dungeon Overview and Level Annotations

Branches:
Dungeon (2/15)

Altars:


Message History

Unknown command.
A hobgoblin comes into view.
The orc priest barely misses you.
There is an open door here.
Things that are here:
a +0 falchion; an orc corpse You hit the orc priest.
The orc priest is lightly wounded.
The orc priest hits you with a +0 short sword.
You hit the orc priest.
The orc priest is moderately wounded.
The orc priest hits you with a +0 short sword.
You catch the helpless orc priest completely off-guard!
You puncture the orc priest!
The orc priest is almost dead.
The hobgoblin closely misses you. The orc misses you.
The orc priest hits you but does no damage.
You hit the orc priest but do no damage.
The orc priest is almost dead.
The orc barely misses you. The hobgoblin hits you.
Casting: Mephitic Cloud (extremely dangerous; 26% risk of failure)
Confirm with . or Enter, or press ? or * to list all spells.
Aiming: Magic Dart (safe; 4% risk of failure)
Press: ? - help, Shift-Dir - straight line, f/p - orc priest
Aim: an orc priest, wielding a +0 short sword and wearing a +0 leather armour (almost dead, confused, 100% to hit)
The magic dart hits the orc priest.
The orc priest is almost dead.
The hobgoblin hits you. The orc hits you with a +0 flail.
* * * LOW HITPOINT WARNING * * *
Your magical contamination has completely faded away.
Casting: Magic Dart (safe; 4% risk of failure)
Confirm with . or Enter, or press ? or * to list all spells.
Aiming: Magic Dart (safe; 4% risk of failure)
Press: ? - help, Shift-Dir - straight line, f/p - orc priest
Aim: an orc priest, wielding a +0 short sword and wearing a +0 leather armour (almost dead, confused, 100% to hit)
The magic dart hits the orc priest but does no damage.
The orc priest is almost dead.
The hobgoblin hits you but does no damage.
The orc hits you with a +0 flail.
You die...

#.####.# #.# #.# ###
###.# #.# #.# #..
....### ####.# #.# #.#
....... .....# #.# #.#
....... #########.# #.#
....... #.........# #.#
.......
..........####.##.o.....
................@og.....
..........####.##g$.....
#.........# #.# .......
#.........# #.# .......
#.........# #.# ####.?.
#.........# #.# ##
#.........# #..
#.........###########
#...................#


You could see an orc priest (confused), an orc and 2 hobgoblins.

Vanquished Creatures
  An adder (D:2)
  A worm (D:2)
  An orc (D:2)
  2 endoplasms
  3 giant cockroaches (D:1)
  3 goblins
  3 hobgoblins
  3 jackals (D:1)
  3 quokkas (D:1)
  8 ball pythons
  A frilled lizard (D:2)
  4 kobolds
  4 rats
37 creatures vanquished.

Notes
Turn   | Place    | Note
-------+----------+-------------------------------------------
     0 | D:1      | pokeman the Deep Elf Hedge Wizard began the quest for the
                  | Orb.
     0 | D:1      | Reached XP level 1. HP: 10/10 MP: 7/7
   231 | D:1      | Reached XP level 2. HP: 15/15 MP: 1/9
  1155 | D:1      | Reached skill level 5 in Spellcasting
  1541 | D:2      | Reached XP level 3. HP: 20/20 MP: 9/11
  1545 | D:2      | Learned a level 3 spell: Mephitic Cloud
  1548 | D:2      | Learned a level 2 spell: Call Imp
  1551 | D:2      | Learned a level 2 spell: Blink
  1555 | D:2      | Learned a level 3 spell: Stone Arrow
  1774 | D:2      | Reached skill level 1 in Fighting
  2053 | D:2      | Reached skill level 1 in Armour
  2060 | D:2      | Slain by an orc

Illustrated notes

Levels and vault maps discovered:
D:1:      lemuel_arrival_rhombus, layout_loops_corners
D:2:      layout_basic, minmay_heptomino_h4

Skill      XL: |  1  2  3 |
---------------+----------+-----
Spellcasting   | 5 |  5.3
Fighting       | 1 |  1.0
Armour         | 1 |  1.0
Conjurations   | 2 |  2.0
Dodging        | |  2.4
Stealth        | |  2.4
Summonings     | |  1.1
Translocations | |  1.1

Action                     || total
---------------------------++-------
  Melee: Dagger            ||    15
   Cast: Magic Dart        ||    87
         Mephitic Cloud    ||     3
   Stab: Confused          ||     3
 Armour: Robe              ||    20
  Dodge: Dodged            ||    24

Table legend: (Time is in decaauts)
 A = Elapsed time spent in this place.
 B = Non-inter-level travel time spent in this place.
 C = Inter-level travel time spent in this place.
 D = Time resting spent in this place.
 E = Time spent auto-exploring this place.
 F = Levels seen in this place.
 G = Mean time per level.
                   A        B        C        D        E       F      G
               +--------+--------+--------+--------+--------+-----+--------+
         Total |   2059 |   2026 |     33 |      0 |   1791 |   2 | 1029.5 |
       Dungeon |   2059 |   2026 |     33 |      0 |   1791 |   2 | 1029.5 |
               +--------+--------+--------+--------+--------+-----+--------+

Top non-repeatable levels by time:
     D:1: 1390 daAuts
     D:2: 668 daAuts
